Map: Dusk Towers

Players

Bails

  • Race: Protoss Protoss

Hydra - Winner!

  • Race: Zerg Zerg

Event: DreamHack Open Tours WCS Spring Championship

VOD

Have the link to the VOD?

Description

Time

  • Played on: May 14, 2016, 10:34 a.m.
  • Length: 9:56

All games in this series

Show
View Real Time Build Order
Export as new Build Order

Bails Protoss 

Build Orders: Nexus First 

Get SALT Encoding   

  12  0:00  Probe (Chrono Boost)  
  13  0:11  Probe (Chrono Boost)  
  14  0:17  Pylon  
  14  0:22  Probe (Chrono Boost)  
  15  0:36  Probe (Chrono Boost)  
  16  0:46  Probe (Chrono Boost)  
  17  0:58  Nexus  
  17  1:07  Gateway  
  17  1:11  Probe (Chrono Boost)  
  18  1:16  Assimilator  
  18  1:21  Probe (Chrono Boost)  
  18  1:24  Assimilator  
  19  1:32  Probe (Chrono Boost)  
  20  1:37  Gateway  
  20  1:42  Probe (Chrono Boost)  
  21  1:53  Probe (Chrono Boost)  
  22  1:56  Cybernetics Core  
  22  2:03  Probe (Chrono Boost)  
  23  2:11  Probe (Chrono Boost)  
  23  2:14  Probe (Chrono Boost)  
  25  2:21  Probe (Chrono Boost)  
  26  2:24  Probe (Chrono Boost)  
  27  2:31  Probe (Chrono Boost)  
  27  2:33  Adept x2 (Chrono Boost)  
  27  2:34  Warp Gate  
  27  2:37  Probe  
  33  2:43  Probe  
  34  2:48  Pylon  
  34  2:56  Adept (Chrono Boost)  
  34  2:57  Adept (Chrono Boost)  
  38  3:04  Pylon  
  38  3:06  Probe x2 (Chrono Boost)  
  40  3:17  Probe (Chrono Boost), Mothership Core (Chrono Boost)  
  43  3:27  Probe (Chrono Boost)  
  43  3:28  Sentry x2 (Chrono Boost)  
  43  3:30  Pylon  
  48  3:35  Probe (Chrono Boost)  
  48  3:38  Probe (Chrono Boost)  
  46  3:47  Probe (Chrono Boost)  
  47  3:48  Pylon  
  47  3:49  Probe (Chrono Boost)  
  47  3:53  Adept x2  
  52  3:57  Probe (Chrono Boost)  
  53  4:03  Probe (Chrono Boost), Nexus  
  53  4:08  Probe (Chrono Boost)  
  55  4:12  Robotics Facility  
  55  4:14  Probe (Chrono Boost)  
  56  4:19  Probe (Chrono Boost)  
  56  4:22  Assimilator  
  57  4:25  Probe (Chrono Boost)  
  57  4:28  Assimilator  
  57  4:30  Probe (Chrono Boost)  
  57  4:31  Pylon  
  59  4:36  Adept x2  
  64  4:38  Probe (Chrono Boost)  
  64  4:43  Probe (Chrono Boost), Stargate  
  65  4:50  Probe (Chrono Boost)  
  65  4:51  Stargate  
  66  4:54  Probe (Chrono Boost)  
  66  4:59  Warp Prism  
  68  5:00  Probe (Chrono Boost)  
  68  5:04  Probe (Chrono Boost)  
  70  5:11  Probe (Chrono Boost)  
  71  5:15  Probe x2 (Chrono Boost), Pylon  
  71  5:21  Probe (Chrono Boost), Sentry  
  74  5:25  Probe x2 (Chrono Boost)  
  74  5:28  Phoenix (Chrono Boost)  
  80  5:29  Forge  
  80  5:31  Probe  
  48  5:35  Phoenix (Chrono Boost)  
  83  5:37  Probe  
  83  5:38  Probe  
  83  5:39  Observer  
  86  5:48  Twilight Council  
  86  5:50  Probe, Phoenix (Chrono Boost)  
  86  5:51  Gateway  
  86  5:53  Pylon  
  86  5:54  Probe  
  86  5:55  Probe  
  91  5:57  Phoenix (Chrono Boost)  
  91  6:03  Protoss Ground Weapons Level 1  
  91  6:04  Probe  
  94  6:08  Probe  
  94  6:09  Assimilator  
  94  6:10  Pylon, Assimilator  
  95  6:14  Phoenix (Chrono Boost)  
  97  6:19  Phoenix (Chrono Boost)  
  97  6:22  Probe  
  100  6:26  Gateway x2  
  100  6:28  Probe  
  100  6:30  Probe, Pylon  
  102  6:34  Blink (Chrono Boost)  
  102  6:41  Immortal  
  102  6:44  Pylon  
  102  6:46  Stalker  
  102  6:47  Stalker  
  110  6:51  Pylon  
  110  6:59  Pylon  
  110  7:00  Gateway  
  110  7:02  Gateway  
  110  7:06  Gateway  
  110  7:09  Stalker x2  
  110  7:10  Stalker  
  116  7:15  Pylon  
  116  7:20  Pylon  
  116  7:24  Immortal  
  116  7:25  Robotics Bay  
  116  7:27  Robotics Facility  
  120  7:40  Nexus  
  120  7:43  Pylon  
  120  7:49  Probe  
  121  7:52  Probe  
  121  7:53  Pylon  
  121  7:56  Probe  
  123  8:04  Probe  
  127  8:14  Disruptor (Chrono Boost)  
  127  8:15  Disruptor (Chrono Boost)  
  127  8:18  Probe  
  129  8:21  Probe  
  130  8:31  Stalker  
  130  8:32  Stalker x6  
  130  8:33  Robotics Facility  
  144  8:35  Pylon  
  143  8:44  Pylon  
  144  8:51  Disruptor (Chrono Boost)  
  144  8:54  Mothership Core  
  143  8:57  Stalker  
  143  9:02  Pylon  
  142  9:03  Pylon  
  142  9:04  Pylon  
  138  9:14  Zealot x3  
  138  9:15  Zealot  
  125  9:23  Zealot x2, Disruptor (Chrono Boost)  
  114  9:24  Probe  
  114  9:28  Probe x2  
  109  9:35  Stalker x2  
  109  9:37  Stalker x2  
  109  9:38  Probe  
  112  9:43  Probe  
  90  9:46  Stalker  
Show
View Real Time Build Order
Export as new Build Order

Hydra Zerg - Winner!

Build Orders: Hatch First 

Get SALT Encoding   

  12  0:01  Drone  
  13  0:12  Overlord  
  13  0:17  Drone  
  14  0:30  Drone x2  
  14  0:34  Drone  
  17  0:53  Hatchery  
  17  0:54  Drone  
  17  0:57  Drone  
  18  1:06  Drone  
  18  1:08  Extractor  
  18  1:17  Drone, Spawning Pool  
  18  1:27  Drone  
  19  1:38  Drone  
  20  1:45  Hatchery  
  19  1:49  Drone  
  20  2:04  Queen  
  20  2:05  Zergling x2  
  24  2:08  Drone  
  24  2:10  Metabolic Boost  
  24  2:16  Overlord  
  24  2:20  Drone  
  26  2:22  Drone  
  26  2:26  Drone  
  27  2:33  Drone  
  27  2:37  Queen  
  28  2:40  Drone  
  31  2:45  Drone  
  31  2:48  Drone  
  33  2:58  Overlord  
  33  3:00  Queen, Drone  
  33  3:03  Drone  
  37  3:06  Zergling x2  
  37  3:08  Zergling x2  
  37  3:12  Zergling x4  
  41  3:14  Zergling x2  
  41  3:18  Zergling x2  
  41  3:19  Drone  
  44  3:20  Drone  
  44  3:22  Drone  
  46  3:32  Drone  
  45  3:35  Drone x2  
  45  3:37  Drone  
  45  3:38  Queen  
  49  3:43  Overlord  
  49  3:47  Overlord  
  49  3:51  Evolution Chamber  
  49  3:52  Drone  
  49  4:01  Overlord  
  49  4:02  Drone x2  
  51  4:03  Drone x2  
  51  4:04  Drone x2  
  51  4:06  Drone  
  51  4:07  Drone  
  57  4:12  Baneling Nest  
  57  4:14  Overlord, Queen  
  58  4:19  Drone x2  
  58  4:22  Zerg Melee Weapons Level 1, Extractor  
  58  4:23  Drone  
  60  4:24  Drone  
  60  4:26  Drone  
  60  4:27  Drone  
  60  4:29  Drone  
  64  4:34  Lair  
  64  4:35  Drone  
  64  4:36  Drone x2  
  64  4:37  Drone  
  68  4:39  Drone  
  68  4:43  Drone  
  68  4:45  Extractor  
  68  4:54  Drone x2  
  68  4:56  Drone  
  68  4:57  Drone x2  
  73  5:01  Drone  
  73  5:02  Extractor, Drone  
  73  5:03  Extractor  
  73  5:04  Extractor  
  73  5:05  Overlord  
  70  5:09  Drone x3  
  70  5:10  Zergling x4  
  74  5:16  Overlord x2  
  74  5:22  Zergling x2  
  74  5:23  Zergling x6  
  74  5:27  Zergling x2  
  79  5:34  Hydralisk Den  
  78  5:36  Drone  
  78  5:37  Zergling x2  
  78  5:38  Zergling x6  
  78  5:39  Drone  
  78  5:40  Drone x2  
  86  5:43  Overseer  
  86  5:48  Drone  
  86  5:50  Drone x3  
  86  5:52  Overlord  
  86  5:54  Overlord x2  
  86  5:55  Hatchery  
  87  6:00  Overlord x2  
  87  6:06  Lurker Den  
  87  6:16  Zerg Missile Weapons Level 1  
  87  6:19  Hydralisk x4  
  87  6:20  Hydralisk x5  
  105  6:27  Hydralisk x2  
  109  6:34  Spore Crawler  
  109  6:35  Spore Crawler, Drone  
  109  6:36  Hydralisk  
  109  6:37  Hydralisk x5  
  120  6:51  Overlord  
  120  6:52  Overlord x3  
  120  7:08  Overseer  
  120  7:11  Hydralisk x11  
  142  7:26  Overlord x3  
  142  7:27  Hydralisk  
  142  7:28  Hydralisk  
  146  7:32  Hydralisk x6  
  146  7:36  Muscular Augments  
  157  7:42  Drone x3  
  160  7:47  Lurker x2  
  160  7:50  Zergling x14  
  160  7:51  Zergling x2  
  168  8:00  Hydralisk x4  
  168  8:04  Extractor  
  175  8:06  Lurker  
  175  8:09  Extractor  
  169  8:14  Hydralisk x3  
  169  8:17  Overlord x3  
  172  8:35  Drone x2  
  172  8:36  Hydralisk x5, Drone  
  170  9:00  Zergling x8  
  170  9:01  Drone x2  
  170  9:02  Drone  
  164  9:06  Roach Warren  
  164  9:07  Zergling x8  
  164  9:08  Zergling x32  
  176  9:13  Zergling x2  
  176  9:14  Zergling x4  
  140  9:32  Hydralisk x7  
  154  9:43  Drone x2  
  154  9:44  Drone x2  

Tags
 
Add a new tag
Caveats
  • Supply blocks, unpowered buildings, or Contaminate may cause inaccurate times.
  • Supply counts are checked every 10 seconds.